AoeStats
← kane

African Clearing

510636729Analyzed
4v4 RM · 7h ago on Oct 1, 2026· 45m 40s· 8 players
Game mode
Random Map
Map size
Large (8 player)
Population
200
Speed
Normal
Resources
Standard
Victory
Conquest
Starting age
Dark Age
Ending age
Imperial Age
RankedLock teamsTeams togetherTeam positionsShared explorationLock speedFull tech treeHidden civsTurbo modeCheats
Victory
Defeat
🇦🇷 Spanish · Argentina
1542
+16
🇦🇷 Celts · Argentina
1537
+16
🇪🇨 Varangians · Ecuador
1522
+17
🇧🇷 Tupi · Brazil
1500
+18
🇳🇿 Varangians · New Zealand
1591
-20
🇬🇧 Danes · United Kingdom
1566
-18
🇺🇸 Khitans · United States
1558
-17
🇧🇷 Magyars · Brazil
1435
-12
Karzul
10:50 Loom
13:01 Feudal Age
17:22 Castle Age
15:49 Fletching
25:00 Double-Bit Axe
25:35 Town Watch
31:20 Ballistics
34:26 Bodkin Arrow
43:22 Padded Archer Armor
43:03 Horse Collar
44:35 Bow Saw
45:23 Gold Mining
Maty
5:29 Loom
9:06 Loom
11:58 Feudal Age
12:39 Double-Bit Axe
13:55 Horse Collar
14:27 Town Watch
16:16 Bloodlines
16:57 Forging
22:52 Castle Age
21:31 Scale Barding Armor
22:03 Gold Mining
22:54 Light Cavalry
23:35 Husbandry
23:57 Chain Barding Armor
26:46 Bow Saw
27:41 Fishing Lines
28:55 Gillnets
31:44 Wheelbarrow
37:37 Imperial Age
35:23 Hand Cart
36:23 Iron Casting
35:40 Stone Mining
35:51 Heavy Plow
36:35 Fletching
37:40 Cavalier
38:56 Plate Barding Armor
42:36 Two-Man Saw
42:07 Crop Rotation
43:31 Masonry
43:42 Ballistics
46:10 Blast Furnace
44:32 Elite Jarl
44:33 Vendel Legacy
45:36 Conscription
Alexis
13:10 Feudal Age
14:27 Double-Bit Axe
14:49 Loom
17:59 Castle Age
16:15 Horse Collar
17:43 Fletching
24:36 Arson
28:58 Scale Mail Armor
31:04 Devotion
32:05 Forging
32:32 Chain Mail Armor
34:11 Wheelbarrow
33:57 Town Watch
34:17 Gold Mining
34:50 Bow Saw
37:34 Imperial Age
38:47 Gold Shaft Mining
37:45 Capped Ram
38:52 Bodkin Arrow
40:49 Plate Mail Armor
41:14 Conscription
41:16 Stone Mining
41:29 Siege Ram
43:24 Siege Engineers
44:22 Ballistics
43:26 Elite Woad Raider
_94_ShaDoW_Arg
8:36 Loom
13:12 Feudal Age
17:19 Castle Age
15:31 Double-Bit Axe
18:14 Horse Collar
27:33 Town Watch
29:38 Wheelbarrow
32:50 Hand Cart
38:33 Imperial Age
36:43 Fletching
37:53 Bow Saw
38:08 Squires
38:24 Scale Mail Armor
38:43 Forging
39:04 Padded Archer Armor
40:13 Leather Archer Armor
41:08 Bodkin Arrow
42:09 Ring Archer Armor
41:44 Elite Skirmisher
43:29 Two-Man Saw
42:32 Heavy Plow
43:17 Bracer
43:49 Conscription
44:03 Thumb Ring
46:03 Town Patrol
45:27 Pikeman
Alt+F4 | Popo
12:04 Feudal Age
11:10 Loom
12:40 Double-Bit Axe
13:27 Domestication
15:43 Fletching
16:05 Forging
18:57 Scale Barding Armor
21:30 Wheelbarrow
24:30 Castle Age
24:56 Gold Mining
25:54 Iron Casting
24:58 Light Cavalry
26:40 Chain Barding Armor
26:27 Husbandry
27:43 Light Cavalry
33:31 Bow Saw
33:41 Pastoralism
40:37 Hand Cart
43:50 Imperial Age
kane
9:52 Loom
12:54 Feudal Age
13:00 Man-at-Arms
13:33 Double-Bit Axe
14:42 Horse Collar
18:23 Wheelbarrow
23:15 Castle Age
22:19 Scale Mail Armor
22:17 Fletching
24:12 Bodkin Arrow
35:52 Scale Barding Armor
AJC
6:39 Loom
13:26 Feudal Age
15:11 Double-Bit Axe
17:33 Castle Age
15:58 Fletching
15:49 Horse Collar
17:15 Padded Archer Armor
17:49 Gold Mining
18:14 Bodkin Arrow
20:06 Leather Archer Armor
20:39 Bow Saw
22:43 Heavy Plow
25:05 Ballistics
26:30 Bloodlines
27:52 Husbandry
29:07 Wheelbarrow
29:35 Thumb Ring
34:10 Hand Cart
34:32 Stone Mining
38:44 Imperial Age
39:48 Gold Shaft Mining
39:05 Onager
40:07 Conscription
40:47 Bracer
42:11 Chemistry
42:18 Ring Archer Armor
42:42 Cranequins
43:35 Heavy Mounted Crossbowman
ImprovingYeti
3:03 Loom
12:37 Feudal Age
16:41 Castle Age
18:06 Fletching
18:30 Forging
27:07 Town Watch
32:19 Bodkin Arrow
39:41 Wheelbarrow
39:17 Double-Bit Axe
39:23 Gold Mining
39:24 Stone Mining
40:20 Horse Collar
41:00 Bow Saw
Connection lost

Rejoining the realm…

Still unreachable

The connection could not be restored.

Session expired

The server has moved on; the page needs a fresh start.